cohdb
Replays
Latest Replays
All Replays
Popular Replays
Top Player Replays
Match Explorer
How It Works
Community
CoH3 Stats
Reddit
Sign in to upload your games and track your stats! →
Sign in with Steam
Match 42731644
Unlisted
Match 42731644
Overview
Messages
Build Orders
End
Construct Infanterie Kompanie
MG 42 Machine Gun Team
Grenadier Squad
Grenadier Squad
Medical Station
Grenadier Squad
Infanterie Officer Quarters
Selects Breakthrough Battlegroup
Selects 2.5-tonne Cargo Truck
Selects Assault Grenadiers
Construct Panzergrenadier Kompanie
2.5-tonne Cargo Truck
Panzergrenadier Squad
Pak 40 Anti-tank Gun Team
Selects Blitzkrieg
Panzergrenadier Squad
Construct Panzer Kompanie
Panzer IV Medium Tank
Pioneer Squad
A Cute Brownie
IronChest
Darbesky
MOSH MOSHI
0
0
Comments
sign in to comment!
No comments posted yet!